 Dungeon Crawl Stone Soup version 0.30-a0-612-g150a0467c1 (webtiles) character file.

Game seed: 13084556472977458812

7672 kae the Transmogrifier (level 10, -4/84 HPs)
             Began as a Demonspawn Transmuter on Jan 8, 2023.
             Was a Believer of Qazlal.
             Slain by an orc warrior
             ... wielding a +0 war axe
              (7 damage)
             ... on level 10 of the Dungeon.
             The game lasted 00:16:41 (9931 turns).

kae the Transmogrifier (Demonspawn Transmuter)      Turns: 9931, Time: 00:16:41

Health: -4/84      AC: 23    Str: 13    XL:     10   Next: 99%
Magic:  17/20      EV: 15    Int: 16    God:    Qazlal [**....]
Gold:   641        SH:  3    Dex: 14    Spells: 1/22 levels left

rFire   . . .      SeeInvis .      - Unarmed
rCold   . . .      Faith    .    (no shield)
rNeg    + . .      Spirit   .    (body armour currently unavailable)
rPois   ∞          Reflect  .    (no helmet)
rElec   +          Harm     .    (no cloak)
rCorr   .          Rampage  .    (gloves currently unavailable)
Will    +....                    (boots currently unavailable)
Stlth   +                        (no amulet)
HPRegen 0.34/turn                p - ring of willpower
MPRegen 0.17/turn                Z - ring of wizardry

@: statue-form, very slow
A: slow and powerful, torment resistance 1, boosted hp, repulsion field 2,
demonic touch 1
a: End Transformation, Renounce Religion, Upheaval


You were on level 10 of the Dungeon.
You worshipped Qazlal.
Qazlal was pleased with you.
You were a living statue of rough stone.
You visited 2 branches of the dungeon, and saw 11 of its levels.
You also visited: Bailey.

You collected 641 gold pieces.


Innate Abilities, Weirdness & Mutations

You are a living statue of rough stone.
Your actions are slow, but your melee attacks are powerful.
You are resistant to unholy torment.
Your maximum health is greatly increased.
You are immune to poison.
Your equipment is partially melded.
You are surrounded by a moderate repulsion field. (EV +3)
Your touch may inflict minor irresistible damage on your foes.


   Skills:
 - Level 1.0 Fighting
 - Level 1.7 Dodging
 + Level 7.0 Unarmed Combat
 + Level 6.7 Spellcasting
 * Level 9.5 Transmutations
 - Level 5.1 Ice Magic
 * Level 6.4 Earth Magic
 - Level 1.5 Poison Magic


You had one spell level left.
You knew the following spells:

 Your Spells              Type           Power      Damage    Failure   Level
a - Beastly Appendage     Tmut           70%        N/A       1%          1
b - Wereblood             Tmut           35%        N/A       1%          2
c - Spider Form           Tmut/Pois      22%        N/A       1%          3
d - Ice Form              Ice/Tmut       28%        N/A       2%          4
e - Statue Form           Tmut/Erth      20%        N/A       28%         6
f - Blade Hands           Tmut           17%        N/A       2%          5

Your spell library contained the following spells:

 Spells                   Type           Power      Damage    Failure   Level
 Apportation              Tloc           10%        N/A       5%          1
 Petrify                  Tmut/Erth      30%        N/A       1%          4
 Blink                    Tloc           10%        N/A       8%          2
 Sublimation of Blood     Necr           5%         N/A       8%          2
 Lee's Rapid Deconstruct  Erth           12%        3d9*      11%         5
 Leda's Liquefaction      Hex/Erth       7%         N/A       14%         4
 Dazzling Flash           Conj/Hex       10%        N/A       16%         3
 Kindle Blastsparks       Fire/Tloc/Air  10%        2d10      16%         3
 Alistair's Intoxication  Tmut/Pois      14%        N/A       16%         5
 Irradiate                Conj/Tmut      10%        3d15      21%         5
 Fulminant Prism          Conj/Hex       2%         3d5       43%         4
 Iskenderun's Mystic Bla  Conj/Tloc      5%         2d3       43%         4
 Manifold Assault         Tloc           5%         N/A       43%         4
 Agony                    Necr           5%         N/A       77%         5
 Silence                  Hex/Air        2%         N/A       77%         5
 Storm Form               Tmut/Air       10%        N/A       99%         7

Inventory:

Missiles
 c - 108 stones
 l - 25 poisoned darts
 m - 7 boomerangs
 t - 6 silver javelins
Armour
 a - a +0 robe (melded)
Magical Staves
 g - a staff of poison {!a}
   (You found it on level 1 of the Dungeon)
 h - a staff of death {!a}
   (You found it on level 1 of the Dungeon)
Jewellery
 p - a ring of willpower (left fist)
   (You found it on level 10 of the Dungeon)
 R - a ring of resist corrosion
   (You took it off a goblin on level 2 of the Dungeon)
 Z - a ring of wizardry (right fist)
   (You found it on level 7 of the Dungeon)
Wands
 d - a wand of roots (13)
   (You took it off a goblin on level 2 of the Dungeon)
 u - a wand of digging (4)
   (You found it on level 6 of the Dungeon)
 w - a wand of acid (14)
   (You found it on level 7 of the Dungeon)
Scrolls
 b - a scroll of fear
 i - a scroll of fog
 j - 3 scrolls of immolation {!r!r}
 n - 3 scrolls of vulnerability {!r!r}
 o - a scroll of torment {!r}
 q - 2 scrolls of enchant weapon
 r - 2 scrolls of teleportation {@r4}
 v - 3 scrolls of silence {!r}
 y - a scroll of summoning
 A - 2 scrolls of enchant armour
Potions
 e - a potion of mutation {!q}
 f - 3 potions of lignification {!q}
 k - a potion of ambrosia
 s - 2 potions of might
 x - 3 potions of haste {@q3}
 z - a potion of degeneration {!q}
 C - a potion of resistance
 E - a potion of magic

Dungeon Overview and Level Annotations

Branches:
Dungeon (10/15) Zot: 26783  Temple (1/1) D:6 Zot: 5971    Lair (0/5) D:8
 Bailey (visited)
    Orc: D:9-12

Altars:
Ashenzari
Dithmenos
Gozag
Hepliaklqana
Makhleb
Okawaru
Qazlal
Sif Muna
Trog
Vehumet
Wu Jian
Yredelemnul

Shops:
D:6

* ###.### #........#........
#8...8######.....#..#........
........##......##..#........
..............#.##.......<...
...........#######......#####
#.....###### #.....## #######
#....## #########....#
....Wo{8.....# .......o.....#
.....######### .... ... .. .


You could see a wraith, an orc warrior and an orc.


Message History

😕 MP[+1] Unknown command.
You punch the wraith!
You touch the wraith!
The wraith hits you! The wraith drains your vigour!
You feel yourself slow down.
An orc warrior comes into view. It is wielding a +0 war axe. 😕 HP[-8]
You take 8 damage, and now have 63/81 hp.
You hit the wraith.
You destroy the wraith!
Qazlal accepts your kill. Josephine casts a spell at you.
The ghostly flame explodes!
The ghostly fireball engulfs you. You partially resist.
You feel drained.
The ghostly fireball engulfs the wraith.
The wraith completely resists.
The wraith barely misses you.
An orc wizard comes into view. It is wielding a +0 dagger.
You block the wraith's attack.
You pummel the wraith!! Your touch misses the wraith.
The orc wizard closely misses you.
An orc wizard comes into view. It is wielding a +0 dagger.
The wraith hits you but does no damage. You block the wraith's attack. 😮 HP[-5]
You now have 83 max hp (+2).
You take 5 damage, and now have 58/83 hp.
Unknown command.
You hit the wraith.
You touch the wraith!
You feel yourself speed up.
An orc comes into view. It is wielding a +0 mace.
The orc warrior barely misses you. The wraith hits you but does no damage.
The wraith hits you! The wraith drains your vigour!
You feel yourself slow down. You block the orc warrior's attack.
The orc moves out of view. 😮 HP[-9] MP[+1]
You take 9 damage, and now have 49/83 hp.
You barely miss Josephine.
You touch Josephine!
Josephine barely misses you.
The orc warrior hits you with a +0 war axe!
* * * LOW HITPOINT WARNING * * *
The wraith closely misses you. You block the wraith's attack.
Josephine hits you but does no damage.
The orc warrior hits you with a +0 war axe!
* * * LOW HITPOINT WARNING * * *
😨 HP[-26]
You take 26 damage, and now have 23/83 hp.
MASSIVE DAMAGE!! (PAUSE)
You punch Josephine!
You touch Josephine!
You punch Josephine! Josephine hits you but does no damage.
The orc wizard gestures wildly while chanting.
The orc wizard flickers and vanishes!
Deactivating autopickup; reactivate with Ctrl-A.
The orc warrior hits you but does no damage.
The wraith completely misses you. The wraith hits you!
* * * LOW HITPOINT WARNING * * *
Josephine closely misses you.
The orc warrior closely misses you. 😱 HP[-7]
You take 7 damage, and now have 16/83 hp.
Unknown command.
You pummel Josephine!! You block Josephine's attack.
The orc warrior closely misses you.
The wraith hits you but does no damage. x2
Josephine hits you with a +0 dagger.
* * * LOW HITPOINT WARNING * * *
The orc warrior hits you but does no damage. 😱 HP[-1] MP[+1]
You take 1 damage, and now have 15/83 hp.
Unknown command.
You punch Josephine! You block Josephine's attack.
The orc warrior closely misses you.
The wraith hits you but does no damage. x2
You block Josephine's attack. The orc warrior closely misses you.
Unknown command.
You hit Josephine. Josephine hits you but does no damage.
The orc wizard mumbles some strange words.
The orc wizard flickers and vanishes!
The orc warrior barely misses you. The wraith closely misses you.
You block the wraith's attack. Josephine hits you but does no damage.
The orc warrior hits you but does no damage. 😱 HP[+1] Unknown command.
You punch Josephine!
You kill Josephine!
Qazlal accepts your kill. The orc warrior barely misses you.
The orc wizard casts a spell.
The orc wizard flickers and vanishes!
The wraith closely misses you. The orc warrior barely misses you.
Something hits you but does no damage. The wraith barely misses you.
Your life force feels restored.
Your Unarmed Combat skill increases to level 7! 😱 HP[+1] MP[+1]
You now have 84 max hp (+1).
Unknown command.
You punch the wraith!
You destroy the wraith!
Qazlal accepts your kill.
You feel yourself speed up. Something hits you but does no damage.
The orc warrior hits you with a +0 war axe!
* * * LOW HITPOINT WARNING * * *
The orc warrior hits you with a +0 war axe!
You die...

Skill      XL: |  1  2  3  4  5  6  7  8  9 10 |
---------------+-------------------------------+-----
Transmutations | 2 3 4 5 6 8 9 |  9.5
Unarmed Combat | 3 4 5 6 7 |  7.0
Poison Magic   | 1 |  1.5
Spellcasting   | 3 4 5 6 |  6.7
Ice Magic      | 1 2 3 5 |  5.1
Earth Magic    | 4 6 |  6.4
Fighting       | |  1.0
Dodging        | |  1.7

Action                   |  1- 3 |  4- 6 |  7- 9 | 10-12 || total
-------------------------+-------+-------+-------+-------++-------
Melee: Unarmed           |   113 |   108 |   310 |   144 ||   675
       Kick              |    27 |     8 |       |       ||    35
       Punch             |     3 |     1 |     2 |     1 ||     7
       Headbutt          |     8 |     5 |       |       ||    13
       Touch             |       |     2 |     4 |     7 ||    13
 Cast: Beastly Appendage |    26 |     9 |     2 |     4 ||    41
       Spider Form       |     1 |    12 |     8 |       ||    21
       Ice Form          |       |     2 |    34 |    15 ||    51
       Wereblood         |       |       |     6 |     5 ||    11
       Statue Form       |       |       |       |     3 ||     3
       Blade Hands       |       |       |       |     1 ||     1
 Abil: End Transformatio |       |       |     1 |       ||     1
Evoke: Wand              |       |     1 |    12 |     1 ||    14
  Use: Scroll            |     7 |     5 |     1 |    12 ||    25
       Potion            |       |       |     4 |     2 ||     6
 Stab: Sleeping          |     1 |     1 |       |       ||     2
       Invisible         |       |       |     2 |       ||     2
Armor: Robe              |    22 |    11 |     3 |       ||    36
       Skin              |       |     6 |   116 |    52 ||   174
Dodge: Dodged            |    83 |    95 |   189 |   108 ||   475
Block: Other             |       |       |       |    20 ||    20

Levels and vault maps discovered:
D:1:      lemuel_arrival_behind_the_door_small, layout_basic
D:2:      layout_basic, lemuel_flame_loot_1
D:3:      layout_rooms, nicolae_eternal_life
D:4:      layout_rooms, uniq_grinder
D:5:      layout_cave_pools, nzn_wu_jian_contemplation, marbit_many_paths,
          kennysheep_generic_room_12, uniq_edmund
D:6:      layout_loops_ring, lemuel_zombie_altar_yredelemnul,
          nicolae_gozag_zags_fifth_avenue, minmay_temple_entry_overgrown,
          uniq_duvessa, uniq_menkaure, uniq_pikel
D:7:      layout_rooms, enter_bailey_5
D:8:      layout_basic, makhleb_grotto_becter, grunt_lair_entry_orc_guard_hut
D:9:      layout_basic, kennysheep_mini, uniq_erica
D:10:     layout_grid_maze, fedhas_ov_isle_minmay, mainiacjoe_overflow_brackets,
          gammafunk_temple_overflow_elements, nicolae_uskayaw_suspiria,
          mainiacjoe_overflow_cross_hatched, nicolae_tso_carved_into_rock,
          mainiacjoe_overflow_chevrons, gammafunk_ghost_ooze, serial_shops,
          nicolae_shop_waterfront, minivault_21, uniq_josephine
Temple:   hellmonk_temple_micro_hex

Notes
Turn   | Place    | Note
-------+----------+-------------------------------------------
     0 | D:1      | kae the Demonspawn Transmuter began the quest for the Orb.
     0 | D:1      | Reached XP level 1. HP: 15/15 MP: 3/3
     0 | D:1      | magus.rc [v1.11.3]
   295 | D:1      | Reached skill level 2 in Transmutations
   507 | D:2      | Gained mutation: You are surrounded by a mild repulsion
                  | field. (EV +2) [demonic ancestry]
   507 | D:2      | Reached XP level 2. HP: 15/21 MP: 3/5
   585 | D:2      | Reached skill level 3 in Unarmed Combat
   806 | D:2      | Reached XP level 3. HP: 26/26 MP: 4/6
   809 | D:2      | Learned a level 2 spell: Wereblood
   813 | D:2      | Learned a level 3 spell: Spider Form
   874 | D:2      | HP: 6/26 [goblin/+0 dagger (3)]
  1778 | D:3      | Identified the +3 sling "Binazops" {flame, +Blink Int+2
                  | Stlth+}
  1822 | D:3      | Reached skill level 1 in Poison Magic
  1911 | D:3      | You pick up a book of the Earth and begin reading...
  1911 | D:3      | You add the spells Leda's Liquefaction, Lee's Rapid
                  | Deconstruction and Statue Form to your library.
  1949 | D:3      | Reached XP level 4. HP: 32/32 MP: 7/7
  2265 | D:3      | Reached skill level 3 in Transmutations
  2702 | D:4      | You pick up a book of Party Tricks and begin reading...
  2702 | D:4      | You add the spells Apportation and Alistair's Intoxication
                  | to your library.
  2725 | D:4      | Noticed a scorpion
  2760 | D:4      | Noticed a scorpion
  2769 | D:4      | Killed a scorpion
  2770 | D:4      | Reached skill level 3 in Spellcasting
  2770 | D:4      | Gained mutation: Your touch may inflict minor irresistible
                  | damage on your foes. [demonic ancestry]
  2770 | D:4      | Reached XP level 5. HP: 37/37 MP: 6/9
  2804 | D:4      | Reached skill level 4 in Transmutations
  2824 | D:4      | You pick up a book of Blasting and begin reading...
  2824 | D:4      | You add the spells Kindle Blastsparks, Fulminant Prism and
                  | Iskenderun's Mystic Blast to your library.
  2896 | D:4      | Noticed a black bear
  2903 | D:4      | Learned a level 4 spell: Ice Form
  3086 | D:4      | Killed a black bear
  3087 | D:4      | Reached skill level 1 in Ice Magic
  3087 | D:4      | Reached XP level 6. HP: 35/43 MP: 6/11
  3273 | D:4      | Noticed Grinder
  3350 | D:4      | Killed Grinder
  3351 | D:4      | Reached skill level 4 in Unarmed Combat
  3351 | D:4      | Reached skill level 2 in Ice Magic
  3351 | D:4      | Reached XP level 7. HP: 43/48 MP: 7/12
  3588 | D:5      | Entered Level 5 of the Dungeon
  3848 | D:5      | Reached skill level 5 in Transmutations
  3887 | D:5      | HP: 10/48 [phantom (6)]
  3894 | D:5      | HP: 8/48 [phantom (1)]
  4074 | D:5      | You pick up a book of the Senses and begin reading...
  4074 | D:5      | You add the spells Dazzling Flash, Agony and Silence to
                  | your library.
  4101 | D:5      | Reached skill level 4 in Spellcasting
  4101 | D:5      | Reached skill level 3 in Ice Magic
  4225 | D:5      | Reached XP level 8. HP: 38/54 MP: 14/14
  4225 | D:5      | HP: 16/81 [ogre/+0 giant club (19)]
  4231 | D:5      | HP: 16/81 [poisoned by an orc]
  4235 | D:5      | HP: 6/81 [orc/+0 club (2)]
  4240 | D:5      | HP: 5/81 [poisoned by an orc]
  4554 | D:5      | Found an ornate altar of the Wu Jian Council.
  4656 | D:5      | Noticed Edmund
  4682 | D:5      | Killed Edmund
  4683 | D:5      | Reached skill level 6 in Transmutations
  4683 | D:5      | Reached skill level 4 in Ice Magic
  4915 | D:5      | Found an iron altar of Okawaru.
  4980 | D:6      | Noticed Pikel
  4992 | D:6      | Killed Pikel
  4993 | D:6      | Reached skill level 5 in Unarmed Combat
  4993 | D:6      | Reached skill level 5 in Ice Magic
  5123 | D:6      | Reached XP level 9. HP: 59/59 MP: 12/16
  5130 | D:6      | Learned a level 6 spell: Statue Form
  5250 | D:6      | Found an opulent altar of Gozag.
  5253 | D:6      | Found Gozag's Platinum Reserve.
  5269 | D:6      | You add the spells Blink, Manifold Assault and Storm Form
                  | to your library.
  5368 | D:6      | Found a staircase to the Ecumenical Temple.
  5476 | Temple   | Entered the Ecumenical Temple
  5499 | Temple   | Became a worshipper of Qazlal Stormbringer
  5702 | D:6      | Noticed Duvessa
  5702 | D:6      | Noticed Dowan
  5714 | D:6      | Killed Duvessa
  5715 | D:6      | Reached skill level 5 in Spellcasting
  5715 | D:6      | Reached skill level 1 in Earth Magic
  5719 | D:6      | Killed Dowan
  5813 | D:6      | Reached skill level 7 in Transmutations
  5821 | D:6      | Found a basalt altar of Yredelemnul.
  5944 | D:6      | Noticed Menkaure
  5954 | D:6      | Killed Menkaure
  5955 | D:6      | Reached skill level 2 in Earth Magic
  6078 | D:6      | HP: 11/70 [centaur/+0 war axe (10)]
  6561 | D:7      | Reached skill level 3 in Earth Magic
  6617 | D:7      | Noticed a gargoyle
  6836 | D:7      | Found a flagged portal.
  6859 | Bailey   | Entered a bailey
  6951 | Bailey   | HP: 16/70 [orc warrior/+0 glaive (9)]
  7137 | Bailey   | Found a large runed translucent door.
  7137 | Bailey   | Found a large runed translucent door.
  7177 | Bailey   | Noticed an orc knight
  7178 | Bailey   | Noticed a deep elf pyromancer
  7214 | Bailey   | Killed an orc knight
  7215 | Bailey   | Reached skill level 6 in Unarmed Combat
  7215 | Bailey   | Reached skill level 8 in Transmutations
  7215 | Bailey   | Reached skill level 4 in Earth Magic
  7351 | Bailey   | Gained mutation: You are surrounded by a moderate repulsion
                  | field. (EV +3) [demonic ancestry]
  7351 | Bailey   | Reached XP level 10. HP: 65/65 MP: 14/18
  7559 | Bailey   | You add the spells Irradiate and Blade Hands to your
                  | library.
  7559 | Bailey   | Got Ytherar's Almanac of Vicissitude
  7843 | D:7      | Reached * piety under Qazlal
  8140 | D:8      | Reached skill level 6 in Spellcasting
  8232 | D:8      | Found a staircase to the Lair.
  8585 | D:8      | Found a burning altar of Makhleb.
  8591 | D:8      | Reached ** piety under Qazlal
  8592 | D:8      | Reached skill level 5 in Earth Magic
  9170 | D:9      | Found a shimmering blue altar of Sif Muna.
  9272 | D:9      | Noticed Erica
  9287 | D:9      | Killed Erica
  9288 | D:9      | Reached skill level 9 in Transmutations
  9494 | D:9      | You pick up a book of Alchemy and begin reading...
  9494 | D:9      | You add the spells Sublimation of Blood and Petrify to your
                  | library.
  9652 | D:9      | Learned a level 5 spell: Blade Hands
  9754 | D:10     | Entered Level 10 of the Dungeon
  9785 | D:10     | Noticed a two-headed ogre
  9810 | D:10     | Killed a two-headed ogre
  9811 | D:10     | Reached skill level 6 in Earth Magic
  9919 | D:10     | Noticed Josephine
  9926 | D:10     | HP: 16/83 [wraith[Josephine] (8)]
  9930 | D:10     | Killed Josephine
  9931 | D:10     | Reached skill level 7 in Unarmed Combat
  9931 | D:10     | HP: 3/84 [orc warrior/+0 war axe (14)]
  9931 | D:10     | Slain by an orc warrior

Vanquished Creatures
  Josephine (D:10)
  A two-headed ogre (D:10)
  Erica (D:9)
  Pikel (D:6)
  An orc knight (Bailey)
  Grinder (D:4)
  A shadow (D:9)
  2 wraiths (D:10)
  A wyvern (D:9)
  A steam dragon (D:8)
  Menkaure (D:6)
  Edmund (D:5)
  2 water moccasins
  Duvessa (D:6)
  6 orc warriors
  2 black bears
  3 ice beasts
  3 ogres
  3 centaurs
  A phantom (D:5)
  A lemure (D:6)
  5 bullfrogs
  2 kobold brigands (D:8)
  A wyvern zombie (D:6)
  5 scorpions
  A gnoll sergeant (D:9)
  5 wights (D:8)
  Dowan (D:6)
  A howler monkey (D:6)
  A crimson imp (D:8)
  A bullfrog zombie (D:6)
  A jelly (D:7)
  4 orc priests
  4 hounds
  3 iguanas
  6 orc wizards
  10 gnolls
  7 adders
  2 white imps
  An ufetubus (D:5)
  4 worms
  4 dart slugs
  44 orcs
  8 ball pythons
  5 endoplasms
  4 giant cockroaches
  8 goblins
  2 hobgoblins
  9 jackals (D:4)
  23 kobolds
  2 quokkas (D:2)
  4 bats
  4 rats
217 creatures vanquished.

Vanquished Creatures (others)
  14 fungi (D:8)
  29 plants
43 creatures vanquished.

Grand Total: 260 creatures vanquished

Table legend:
 A = Non-vault XP
 B = Vault XP
 C = Vault XP percentage of total XP
 D = Non-vault monster count
 E = Vault monster count
 F = Vault count percentage of total count
                 A         B        C        D         E       F
            +---------+---------+-------+---------+---------+-------
      Total |    5669 |    5497 |  49.2 |     182 |      34 |  15.7
            +---------+---------+-------+---------+---------+-------
        D:1 |      10 |       0 |   0.0 |       5 |       0 |   0.0
        D:2 |      74 |       0 |   0.0 |      25 |       0 |   0.0
        D:3 |      34 |       0 |   0.0 |      15 |       0 |   0.0
        D:4 |     409 |     272 |  39.9 |      31 |       1 |   3.1
        D:5 |     884 |     333 |  27.4 |      36 |       4 |  10.0
        D:6 |     572 |    1144 |  66.7 |      14 |       6 |  30.0
        D:7 |     844 |       7 |   0.8 |      16 |       4 |  20.0
        D:8 |     967 |     434 |  31.0 |      22 |       5 |  18.5
        D:9 |     785 |     823 |  51.2 |      11 |       1 |   8.3
       D:10 |    1090 |    1324 |  54.8 |       7 |       3 |  30.0
     Bailey |       0 |    1160 | 100.0 |       0 |      10 | 100.0
            +---------+---------+-------+---------+---------+-------

Illustrated notes

Table legend:
 A = Kills in this place as a percentage of kills in entire the game.
 B = Kills by you in this place as a percentage of kills by you in the entire game.
 C = Kills by friends in this place as a percentage of kills by friends in the entire game.
 D = Other kills in this place as a percentage of other kills in the entire game.
 E = Experience gained in this place as a percentage of experience gained in the entire game.
 F = Experience gained in this place divided by the number of levels of this place that you have seen.
                   A       B       C       D       E      F
               +-------+-------+-------+-------+-------+----------------------
         Total | 100.0 | 100.0 |   N/A |   N/A | 100.0 | 930.5
       Dungeon |  95.4 |  95.4 |   N/A |   N/A |  89.6 | 1000.6
        Bailey |   4.6 |   4.6 |   N/A |   N/A |  10.4 | 1160.0
               +-------+-------+-------+-------+-------+----------------------

Table legend: (Time is in decaauts)
 A = Elapsed time spent in this place.
 B = Non-inter-level travel time spent in this place.
 C = Inter-level travel time spent in this place.
 D = Time resting spent in this place.
 E = Time spent auto-exploring this place.
 F = Levels seen in this place.
 G = Mean time per level.
                   A        B        C        D        E       F      G
               +--------+--------+--------+--------+--------+-----+--------+
         Total |   9892 |   9597 |    295 |    747 |   6762 |  12 |  824.3 |
       Dungeon |   9149 |   8858 |    291 |    516 |   6572 |  10 |  914.9 |
        Temple |     28 |     24 |      4 |      0 |     18 |   1 |   28.0 |
        Bailey |    714 |    714 |      0 |    231 |    172 |   1 |  714.0 |
               +--------+--------+--------+--------+--------+-----+--------+

Top non-repeatable levels by time:
     D:6: 1386 daAuts
     D:5: 1375 daAuts
     D:2: 1268 daAuts
     D:4: 1108 daAuts
     D:9: 1028 daAuts
     D:8: 796 daAuts
     D:7: 794 daAuts
  Bailey: 714 daAuts
     D:3: 702 daAuts
     D:1: 493 daAuts
    D:10: 195 daAuts
  Temple: 28 daAuts
